 Dungeon Crawl Stone Soup version 0.29.1-15-g9cfb28693d (webtiles) character file.

Game seed: 11651993786192976510

18 hawla the Firebug (level 2, -1/24 HPs)
             Began as an Ogre Fire Elementalist on Apr 5, 2023.
             Slain by a rat (3 damage)
             ... on level 1 of the Dungeon.
             The game lasted 00:01:48 (687 turns).

hawla the Firebug (Ogre Fire Elementalist)           Turns: 687, Time: 00:01:49

Health: -1/24      AC:  3    Str: 11    XL:     2   Next: 66%
Magic:  2/5        EV: 10    Int: 16    God:
Gold:   23         SH:  0    Dex:  9    Spells: 5/6 levels left

rFire   . . .      SeeInvis .   (no weapon)
rCold   . . .      Faith    .   (no shield)
rNeg    . . .      Spirit   .   a - +0 robe
rPois   .          Reflect  .   (helmet restricted)
rElec   .          Harm     .   (no cloak)
rCorr   .          Rampage  .   (gloves unavailable)
Will    .....                   (boots unavailable)
Stlth   +.........              (no amulet)
HPRegen 0.08/turn               (no ring)
MPRegen 0.09/turn               (no ring)

@: flying
A: large, unfitting armour, tough skin 1
a: no special abilities


You were on level 1 of the Dungeon.
You visited 1 branch of the dungeon, and saw 2 of its levels.

You collected 23 gold pieces.

Inventory:

Armour
 a - a +0 robe (worn)
Scrolls
 c - a scroll of poison {unknown}
 g - 2 scrolls of amnesia {unknown}
Potions
 b - a potion of magic
 e - a potion of berserk rage {unknown}
 f - 2 potions of ambrosia {unknown}
 h - a potion of mutation {unknown}
 i - a potion of brilliance {unknown}


   Skills:
 + Level 2.1 Dodging
 - Level 1.4 Stealth
 + Level 2.7 Spellcasting
 + Level 0.8 Conjurations
 + Level 3.1 Fire Magic


You had 5 spell levels left.
You knew the following spells:

 Your Spells              Type           Power      Damage    Failure   Level
a - Foxfire               Conj/Fire      32%        2x1d5     9%          1

Your spell library contained the following spells:

 Spells                   Type           Power      Damage    Failure   Level
 Scorch                   Fire           24%        2d6       8%          2
 Conjure Flame            Conj/Fire      8%         6-21      26%         3
 Inner Flame              Hex/Fire       7%         N/A       30%         3
 Flame Wave               Conj/Fire      8%         2d5       63%         4


Dungeon Overview and Level Annotations

Branches:
Dungeon (2/15)

Altars:


Innate Abilities, Weirdness & Mutations

You are too large for most types of armour.
You have tough skin. (AC +1)


Message History

Casting: Foxfire (safe; 9% risk of failure)
Confirm with . or Enter, or press ? or * to list all spells.
You conjure some foxfire!
The rat barely misses you. The hobgoblin closely misses you.
The hobgoblin hits you.
You closely miss the hobgoblin.
The hobgoblin is severely wounded.
The foxfire hits the hobgoblin but does no damage.
The foxfire hits the hobgoblin.
The hobgoblin is severely wounded.
The hobgoblin hits you. x2; The rat closely misses you.
Unknown command.
Casting: Foxfire (safe; 9% risk of failure)
Confirm with . or Enter, or press ? or * to list all spells.
You conjure some foxfire!
The rat barely misses you. The hobgoblin hits you.
The hobgoblin barely misses you.
You are too injured to fight recklessly!
You hit the hobgoblin but do no damage.
The hobgoblin is severely wounded.
The foxfire hits the hobgoblin.
You kill the hobgoblin!
The hobgoblin hits you.
* * * LOW HITPOINT WARNING * * *
The rat barely misses you.
A jackal comes into view.
The foxfire hits the jackal.
The jackal is heavily wounded.
Casting: Foxfire (safe; 9% risk of failure)
Confirm with . or Enter, or press ? or * to list all spells.
You conjure some foxfire!
The foxfire hits the jackal.
You kill the jackal!
The hobgoblin hits you.
* * * LOW HITPOINT WARNING * * *
The rat bites you.
* * * LOW HITPOINT WARNING * * *
It was a potion of flight.
You feel very buoyant.
You fly up into the air.
The foxfire hits the rat but does no damage.
The rat bites you.
You die...

##.### ....# #
#.#.# .# #.#.##.
####.$... .....S.
. #.gr####..#
.#####§#@†...h..
.........§##.##.
###.........#
.?.####....#
##.##.#.....#.#
#......#.##.#.#
#...........#.####
#.####.#.#..#.#..
#......#.#.###


You could see a jackal, a hobgoblin, a ball python and a rat.

Vanquished Creatures
  A dart slug (D:1)
  2 bats
  2 endoplasms (D:2)
  2 hobgoblins (D:1)
  A jackal (D:1)
  A kobold (D:1)
  A quokka (D:2)
  A ball python (D:2)
  2 goblins
  A rat (D:1)
14 creatures vanquished.

Vanquished Creatures (others)
  25 foxfires
25 creatures vanquished.

Grand Total: 39 creatures vanquished

Notes
Turn   | Place    | Note
-------+----------+-------------------------------------------
     0 | D:1      | hawla the Ogre Fire Elementalist began the quest for the
                  | Orb.
     0 | D:1      | Reached XP level 1. HP: 16/16 MP: 3/3
   200 | D:1      | You fall into a shaft and drop 1 floor!
   228 | D:2      | Reached XP level 2. HP: 11/24 MP: 1/5
   270 | D:2      | Reached skill level 3 in Fire Magic
   687 | D:1      | Slain by a rat

Illustrated notes

Levels and vault maps discovered:
D:1:      dpeg_arrival_chambers_temple_mockup, layout_basic,
          basic_ecumenical_altar
D:2:      layout_loops_ring, serial_shops, nicolae_shop_advertising_works
          [nicolae_subvault_shop_adworks], minmay_misc_feat_roman, uniq_sigmund,
          uniq_jessica, uniq_natasha

Skill      XL: |  1  2 |
---------------+-------+-----
Dodging        | 2 |  2.1
Fire Magic     | 3 |  3.1
Stealth        | |  1.4
Spellcasting   | |  2.7
Conjurations   | |  0.8

Action                   || total
-------------------------++-------
Melee: Unarmed           ||    43
       Punch             ||     1
 Cast: Foxfire           ||    16
  Use: Potion            ||     1
 Stab: Sleeping          ||     1
Armor: Robe              ||    18
Dodge: Dodged            ||    33
